 Dungeon Crawl Stone Soup version 0.17-a0-1-g1f4be75 (webtiles) character file.

733 vatarom the Ruffian (level 7, -1/61 HPs)
             Began as a Black Draconian Transmuter on Mar 8, 2015.
             Was a Believer of Cheibriados.
             Shot with an arrow by a centaur (9 damage)
             ... on level 5 of the Dungeon.
             The game lasted 00:08:46 (3594 turns).

vatarom the Ruffian (Black Draconian Transmuter)    Turns: 3594, Time: 00:08:46

Health: -1/61      AC: 10    Str: 18      XL:     7   Next: 45%
Magic:  10/12      EV: 12    Int: 18      God:    Cheibriados [**....]
Gold:   202        SH:  0    Dex: 13 (15) Spells: 4 memorised, 0 levels left

rFire  . . .     SeeInvis .       - Unarmed
rCold  + . .     Clarity  .     (armour unavailable)
rNeg   . . .     SustAb   .     (no shield)
rPois  .         Gourm    .     (helmet restricted)
rElec  +         Spirit   .     e - +1 cloak
rCorr  .         Warding  .     (no gloves)
rMut   .         Stasis   .     q - +1 pair of boots
MR     .....                    (no amulet)
Stlth  +.........               (no ring)
                                k - ring of protection from cold

@: short of breath, very slow, not resistant to hostile enchantments, very
unstealthy
A: breathe lightning, unfitting armour, electricity resistance, cold-blooded, AC
+6
a: Breathe Lightning, Bend Time, Renounce Religion


You were on level 5 of the Dungeon.
You worshipped Cheibriados.
Cheibriados was pleased with you.
You were not hungry.

You visited 1 branch of the dungeon, and saw 5 of its levels.

You collected 202 gold pieces.

Inventory:

Missiles
 b - 72 arrows
Armour
 e - a +1 cloak (worn)
 q - a +1 pair of boots (worn)
Jewellery
 k - a ring of protection from cold (left hand)
Scrolls
 a - 2 scrolls of remove curse
 g - 6 scrolls of identify
 h - 2 scrolls of teleportation
 i - a scroll of fear
 p - a scroll of magic mapping
Potions
 f - 2 potions of cancellation
 l - a potion of curing
 r - 2 potions of resistance
Books
 d - a book of Changes

   Spells                             Type                      Level
   a - Beastly Appendage              Transmutation                1
   b - Sticks to Snakes               Transmutation                2
   c - Spider Form                    Transmutation/Poison         3
   d - Ice Form                       Ice/Transmutation            4
   e - Blade Hands                    Transmutation                5
Comestibles
 c - 3 beef jerkies
 j - 3 slices of pizza
 m - 3 bread rations
 n - 2 meat rations
 o - a royal jelly


   Skills:
 - Level 5.1 Fighting
 - Level 1.7 Dodging
 - Level 5.2 Unarmed Combat
 - Level 2.0 Spellcasting
 - Level 5.0 Transmutations
 + Level 2.2 Ice Magic


You couldn't memorise any spells.
You knew the following spells:

 Your Spells              Type           Power        Failure   Level  Hunger
a - Beastly Appendage     Trmt           ###...       1%          1    #......
b - Sticks to Snakes      Trmt           ###.......   3%          2    ###....
c - Spider Form           Trmt/Pois      ##........   21%         3    ###....
d - Ice Form              Ice/Trmt       ##......     41%         4    #####..


Dungeon Overview and Level Annotations

Branches:
Dungeon (5/15)
 Temple: D:4-7

Altars:
Cheibriados
Dithmenos
Kikubaaqudgha
Xom


Innate Abilities, Weirdness & Mutations

You can breathe wild blasts of lightning.
Your glossy black scales are hard (AC +6).
Your body does not fit into most forms of armour.
You are resistant to electric shocks.
Your cold-blooded metabolism reacts poorly to cold.


Message History

Your +1 cloak unmelds from your body.
Your +1 pair of boots unmelds from your body.
The centaur shoots an arrow.
The arrow barely misses you.
The centaur shoots an arrow.
The arrow hits you but does no damage.
Use which ability? (? or * to list)
You breathe a wild blast of lightning!
The orb of electricity explodes!
The orb of electricity explodes! x2
The orb of electricity engulfs you! You resist.
You hear a mighty clap of thunder!
The bolt of lightning misses you.
You feel somewhat more hungry.
The centaur shoots an arrow.
The arrow hits you!
* * * LOW HITPOINT WARNING * * *
Unknown command.
Unknown command.
Unknown command.
Unknown command.
The centaur shoots an arrow.
The arrow hits you.
* * * LOW HITPOINT WARNING * * *
The centaur shoots an arrow.
The arrow hits you!
You die...

*,* **,.,,,,,***,*** *,*
*,..,,,,* *,,,* # #,*
*,..,,,,* ***,* ##
#.####**.#,**,* *,* #. *,...#
*.#,**,*** *,* #⌠
####(###.#,,,,,,***,* #.
#...((...####..,,,,,* #⌠
#.##(#(.........,,,,* #.
#.##.#.@##.....,**,,* ##
#.##.>.....#..*,,,,,* # *
#.####..#c.....,**,**
##########.####..#.....#***,*
.................#......,,,,*
#
#######.....###........,,,,,*
# #.#.#.# ####...#******#####
#######.#.#.# #...# #....
...#.##.#...# #...# #####.###


You could see a centaur.

Vanquished Creatures
  Eustachio (D:4)
  An ogre (D:5)
  3 scorpions
  2 vampire bats (D:5)
  A jelly (D:5)
  An orc wizard (D:3)
  2 iguanas
  A worker ant (D:4)
  Robin (D:4)
  4 adders
  A worm (D:4)
  A giant mite (D:2)
  11 orcs
  A ball python (D:1)
  7 bats
  3 bat skeletons (D:5)
  4 bat zombies (D:5)
  4 giant cockroaches
  21 goblins
  10 hobgoblins
  2 jackals (D:1)
  4 quokkas
  4 giant newts
  7 kobolds
  7 rats
104 creatures vanquished.

Vanquished Creatures (collateral kills)
  An adder (D:2)
  A bat (D:4)
  A rat (D:4)
3 creatures vanquished.

Grand Total: 107 creatures vanquished

Notes
Turn   | Place    | Note
--------------------------------------------------------------
     0 | D:1      | vatarom, the Draconian Transmuter, began the quest for the Orb.
     0 | D:1      | Reached XP level 1. HP: 16/16 MP: 3/3
   170 | D:1      | Reached XP level 2. HP: 22/24 MP: 2/4
   185 | D:1      | Learned a level 2 spell: Sticks to Snakes
   489 | D:1      | You fall through a shaft!
   648 | D:2      | Reached XP level 3. HP: 19/29 MP: 4/6
  1082 | D:1      | Reached skill level 4 in Unarmed Combat
  1156 | D:2      | Learned a level 3 spell: Spider Form
  1561 | D:3      | Found a shimmering altar of Xom.
  1595 | D:3      | Reached XP level 4. HP: 37/37 MP: 7/7
  1872 | D:3      | Found a shadowy altar of Dithmenos.
  1952 | D:4      | Noticed Eustachio
  2130 | D:4      | Killed Eustachio
  2130 | D:4      | Reached skill level 5 in Unarmed Combat
  2130 | D:4      | Reached XP level 5. HP: 37/47 MP: 1/9
  2154 | D:4      | Found a snail-covered altar of Cheibriados.
  2159 | D:4      | Reached XP level 6. HP: 47/55 MP: 1/10
  2174 | D:4      | Reached skill level 5 in Fighting
  2190 | D:4      | Became a worshipper of Cheibriados the Contemplative
  2757 | D:4      | Noticed Robin
  2777 | D:4      | Acquired Cheibriados' first power
  2783 | D:4      | Killed Robin
  3143 | D:5      | Entered Level 5 of the Dungeon
  3175 | D:5      | Your scales start taking on a glossy black colour.
  3175 | D:5      | Gained mutation: You are resistant to electric shocks. [draconian maturity]
  3175 | D:5      | Reached XP level 7. HP: 61/61 MP: 6/12
  3352 | D:5      | Found an ancient bone altar of Kikubaaqudgha.
  3370 | D:5      | Reached skill level 5 in Transmutations
  3420 | D:5      | Learned a level 4 spell: Ice Form
  3457 | D:5      | Reached skill level 1 in Ice Magic
  3594 | D:5      | Shot with an arrow by a centaur

Action                   |  1- 3 |  4- 6 |  7- 9 || total
-------------------------+-------+-------+-------++-------
Melee: Unarmed           |   145 |   159 |    52 ||   356
 Cast: Beastly Appendage |     5 |     3 |       ||     8
       Sticks to Snakes  |     2 |     3 |       ||     5
       Spider Form       |       |     9 |     2 ||    11
Invok: Bend Time         |       |     1 |       ||     1
 Abil: Breathe Lightning |       |       |     1 ||     1
       End Transformatio |       |       |     1 ||     1
  Use: Potion            |     4 |     3 |       ||     7
       Scroll            |     5 |     1 |     3 ||     9
 Stab: Sleeping          |     2 |       |       ||     2
  Eat: Bread ration      |     1 |       |       ||     1
       Beef jerky        |       |     2 |       ||     2
       Meat ration       |       |     1 |       ||     1
